Arizona Coyotes vs Vancouver Canucks
Created - Saturday, April 26, 2025 at 09:19
Goals
|
| Arizona Coyotes |
0 |
1 |
2 |
3 |
| Vancouver Canucks |
0 |
1 |
0 |
1 |
|
Shots
|
| Arizona Coyotes |
7 |
8 |
10 |
25 |
| Vancouver Canucks |
12 |
9 |
12 |
33 |
|
1st period
No Goal
Penalties :
No Penalty
2nd period
1. Vancouver Canucks , Connor Zary 21 (Artturi Lehkonen 22, Noah Hanifin 20) at 4:43
2. Arizona Coyotes , Ross Colton 16 (Jared Spurgeon 19, Erik Haula 16) at 13:47
Penalties :
No Penalty
3rd period
3. Arizona Coyotes , Ross Colton 17 (Erik Haula 17, Ondrej Palat 10) at 1:37
4. Arizona Coyotes , Mats Zuccarello 34 (Charlie Coyle 45) at 16:38 (PP)
Penalties :
Nick Seeler (AZC) for Diving (Minor) at 6:05, Ryan McDonagh (VAN) for Tripping (Minor) at 16:28
Goalie Stats
Jacob Markstrom (AZC), 32 saves from 33 shots - (0.970), W, 16-19-4, 60:00 minutes
Justus Annunen (VAN), 22 saves from 25 shots - (0.880), L, 7-10-0, 60:00 minutes
Players Stats for Arizona Coyotes
Player Name G A P +/- PIM S H SB GA TA FO MP PP MP PK MP
------------------------------------------------------------------------------------
Brayden McNabb 0 0 0 0 0 0 0 1 0 1 0/0 15:27 0:00 0:00
Charlie Coyle 0 1 1 -1 0 2 2 0 1 0 12/21 21:07 0:10 1:15
Erik Haula 0 2 2 2 0 1 2 0 0 1 6/10 13:02 0:00 0:00
Jani Hakanpaa 0 0 0 1 0 0 0 0 0 1 0/0 19:34 0:00 0:43
Jared Spurgeon 0 1 1 0 0 1 0 1 1 1 0/0 24:59 0:10 1:16
Kiefer Sherwood 0 0 0 0 0 0 0 0 0 0 0/0 8:48 0:00 0:00
Mark Jankowski 0 0 0 0 0 0 0 0 0 0 0/0 8:46 0:00 0:00
Mason McTavish 0 0 0 0 0 4 2 0 2 1 5/9 17:02 0:00 0:41
Mats Zuccarello 1 0 1 -1 0 2 3 0 1 0 1/2 20:03 0:10 0:11
Matt Dumba 0 0 0 0 0 1 2 0 0 0 0/0 24:11 0:00 0:43
Mike Hoffman 0 0 0 0 0 2 1 0 0 0 2/3 8:46 0:00 0:00
Nick Seeler 0 0 0 0 2 1 0 1 0 1 0/0 15:31 0:00 0:00
Ondrej Palat 0 1 1 2 0 1 0 0 1 0 0/1 13:36 0:00 0:29
Radko Gudas 0 0 0 1 0 0 2 0 0 1 0/0 20:22 0:10 1:16
Ross Colton 2 0 2 2 0 2 1 0 2 1 0/0 13:02 0:00 0:00
Ryan Donato 0 0 0 0 0 4 2 1 0 0 0/0 16:23 0:00 0:07
Tyler Bertuzzi 0 0 0 0 0 3 0 0 0 1 0/0 16:14 0:00 0:00
Tyler Seguin 0 0 0 -1 0 1 0 2 0 0 1/1 21:07 0:10 1:15
Players Stats for Vancouver Canucks
Player Name G A P +/- PIM S H SB GA TA FO MP PP MP PK MP
------------------------------------------------------------------------------------
Aleksander Barkov 0 0 0 -1 0 5 2 2 0 2 11/24 20:55 0:56 0:10
Anton Lundell 0 0 0 -1 0 0 0 0 1 0 0/0 13:27 1:03 0:00
Artturi Lehkonen 0 1 1 1 0 3 1 0 2 0 0/0 16:09 1:03 0:00
Brett Leason 0 0 0 0 0 1 1 1 0 0 0/0 11:29 0:00 0:10
Casey Mittelstadt 0 0 0 -1 0 5 0 2 0 0 3/7 13:27 0:56 0:00
Chad Ruhwedel 0 0 0 0 0 0 0 0 0 2 0/0 15:02 0:00 0:10
Clayton Keller 0 0 0 -1 0 4 2 0 1 1 1/2 21:03 1:03 0:00
Connor Zary 1 0 1 1 0 2 0 0 1 0 3/7 15:23 0:56 0:00
Emil Martinsen Lilleberg 0 0 0 -1 0 1 4 3 0 0 0/0 19:24 0:00 0:00
Jacob Bernard-Docker 0 0 0 0 0 0 0 1 0 0 0/0 15:02 0:00 0:10
Jesperi Kotkaniemi 0 0 0 0 0 2 0 0 0 1 2/4 11:00 0:00 0:00
Matias Maccelli 0 0 0 0 0 2 0 0 2 0 0/0 11:00 0:00 0:00
Mikko Rantanen 0 0 0 -1 0 3 1 0 0 0 0/1 20:56 1:03 0:00
Miro Heiskanen 0 0 0 0 0 1 0 1 0 1 0/0 24:04 0:56 0:00
Noah Hanifin 0 1 1 0 0 2 0 0 2 1 0/0 24:38 1:03 0:00
Robby Fabbri 0 0 0 1 0 0 0 0 0 0 0/2 15:23 0:56 0:00
Ryan McDonagh 0 0 0 -1 2 1 2 2 0 0 0/0 19:23 0:00 0:00
Ty Dellandrea 0 0 0 -1 0 1 0 1 0 0 0/0 12:04 0:00 0:00
3 Stars
1 - Ross Colton (AZC)
2 - Jacob Markstrom (AZC)
3 - Erik Haula (AZC)
Power Play
Arizona Coyotes - 1 on 1 Attempt(s) - 100.00%
Vancouver Canucks - 0 on 1 Attempt(s) - 0.00%
Penalty Kill
Arizona Coyotes - 1 on 1 Attempt(s) - 100.00%
- Score 0 goal in Penalty Kill
Vancouver Canucks - 0 on 1 Attempt(s) - 0.00%
- Score 0 goal in Penalty Kill
Team Stat
Arizona Coyotes - Hits : 17 - Faceoff Wins : 27 - Blocked Shots : 6 - Penalty Minutes : 2
Vancouver Canucks - Hits : 13 - Faceoff Wins : 20 - Blocked Shots : 13 - Penalty Minutes : 2
Official
Referees : Frederick L'Ecuyer and Steve Kozari
Linesman : Mark Shewchyk and James Tobias
Game Notes
No Game Note
Finance
Level 1 -- Attendance: 5003 (83.38%) -- Ticket Income $495,297
Level 2 -- Attendance: 3915 (78.30%) -- Ticket Income $230,985
Level 3 -- Attendance: 2279 (75.97%) -- Ticket Income $77,486
Level 4 -- Attendance: 3840 (76.80%) -- Ticket Income $92,160
Luxury Box -- Attendance: 678 (67.80%) -- Ticket Income $134,922
Game was played at the Rogers Arena.
Total Attendance: 15715 (78.58%)
Total Ticket Income: $1,030,850
Other Income: $360,798
Total Income: $1,391,648
Arizona Coyotes
5 vs 5 Forward
Center Left Wing Right Wing Time % Phy DF OF
1 Charlie Coyle Mats Zuccarello Tyler Seguin 42 0 1 4
2 Mason McTavish Ryan Donato Tyler Bertuzzi 31 0 1 4
3 Erik Haula Ross Colton Ondrej Palat 20 1 4 0
4 Mike Hoffman Mark Jankowski Kiefer Sherwood 7 1 4 0
5 vs 5 Defense
Defense Defense Time % Phy DF OF
1 Jared Spurgeon Matt Dumba 43 0 3 2
2 Jani Hakanpaa Radko Gudas 34 2 3 0
3 Brayden McNabb Nick Seeler 23 2 3 0
4 Jared Spurgeon Matt Dumba 0 1 2 2
PowerPlay Forward
Center Left Wing Right Wing Time % Phy DF OF
1 Charlie Coyle Mats Zuccarello Tyler Seguin 50 1 0 4
2 Mason McTavish Ryan Donato Tyler Bertuzzi 50 1 0 4
PowerPlay Defense
Defense Defense Time % Phy DF OF
1 Jared Spurgeon Radko Gudas 50 1 2 2
2 Jani Hakanpaa Matt Dumba 50 1 2 2
Penalty Kill 4 Players Forward
Center Wing Time % Phy DF OF
1 Charlie Coyle Tyler Seguin 60 1 4 0
2 Mats Zuccarello Mason McTavish 40 1 3 1
Penalty Kill 4 Players Defense
Defense Defense Time % Phy DF OF
1 Jared Spurgeon Radko Gudas 55 1 4 0
2 Jani Hakanpaa Matt Dumba 45 1 3 1
Penalty Kill - 3 Players Forward
Forward Time % Phy DF OF
1 Charlie Coyle 50 1 3 1
2 Tyler Seguin 50 1 3 1
Penalty Kill - 3 Players Defense
Defense Defense Time % Phy DF OF
1 Jared Spurgeon Radko Gudas 50 1 3 1
2 Jani Hakanpaa Matt Dumba 50 1 3 1
4 vs 4 Forward
Center Wing Time % Phy DF OF
1 Charlie Coyle Tyler Seguin 55 1 1 3
2 Mats Zuccarello Mason McTavish 45 1 1 3
4 vs 4 Defense
Defense Defense Time % Phy DF OF
1 Jared Spurgeon Matt Dumba 55 1 3 1
2 Jani Hakanpaa Radko Gudas 45 1 3 1
Last Minutes Offensive
Center Left Wing Right Wing Defense Defense
Charlie Coyle Mats Zuccarello Tyler Seguin Jared Spurgeon Radko Gudas
Last Minutes Defensive
Center Left Wing Right Wing Defense Defense
Charlie Coyle Mats Zuccarello Tyler Seguin Jared Spurgeon Radko Gudas
Goaltenders
Starting : Jacob Markstrom
Backup : Elvis Merzlikins
Extra Forwards
Normal : Erik Haula, Ross Colton, Ondrej Palat - PP : Erik Haula, Ross Colton - PK : Ondrej Palat
Extra Defensemen
Normal : Brayden McNabb, Nick Seeler, Jani Hakanpaa - PP : Brayden McNabb - PK : Nick Seeler, Jani Hakanpaa
Penalty Shots
Charlie Coyle, Tyler Seguin, Mats Zuccarello, Mason McTavish, Ryan Donato
Scratches
Anthony Deangelo (Healthy), Carter Hart (Healthy)
Vancouver Canucks
5 vs 5 Forward
Center Left Wing Right Wing Time % Phy DF OF
1 Aleksander Barkov Clayton Keller Mikko Rantanen 40 1 1 3
2 Connor Zary Robby Fabbri Artturi Lehkonen 30 1 2 2
3 Casey Mittelstadt Anton Lundell Ty Dellandrea 20 1 2 2
4 Jesperi Kotkaniemi Matias Maccelli Brett Leason 10 1 3 1
5 vs 5 Defense
Defense Defense Time % Phy DF OF
1 Noah Hanifin Miro Heiskanen 30 1 2 2
2 Ryan McDonagh Emil Martinsen Lilleberg 30 1 2 2
3 Chad Ruhwedel Jacob Bernard-Docker 25 1 2 2
4 Noah Hanifin Miro Heiskanen 15 1 2 2
PowerPlay Forward
Center Left Wing Right Wing Time % Phy DF OF
1 Mikko Rantanen Clayton Keller Artturi Lehkonen 50 0 1 4
2 Casey Mittelstadt Connor Zary Robby Fabbri 50 0 1 4
PowerPlay Defense
Defense Defense Time % Phy DF OF
1 Aleksander Barkov Miro Heiskanen 50 0 1 4
2 Noah Hanifin Anton Lundell 50 0 1 4
Penalty Kill 4 Players Forward
Center Wing Time % Phy DF OF
1 Aleksander Barkov Brett Leason 50 1 2 2
2 Artturi Lehkonen Ty Dellandrea 50 1 2 2
Penalty Kill 4 Players Defense
Defense Defense Time % Phy DF OF
1 Ryan McDonagh Noah Hanifin 50 1 2 2
2 Jacob Bernard-Docker Chad Ruhwedel 50 1 2 2
Penalty Kill - 3 Players Forward
Forward Time % Phy DF OF
1 Brett Leason 50 1 2 2
2 Aleksander Barkov 50 1 2 2
Penalty Kill - 3 Players Defense
Defense Defense Time % Phy DF OF
1 Ryan McDonagh Noah Hanifin 50 1 2 2
2 Jacob Bernard-Docker Chad Ruhwedel 50 1 2 2
4 vs 4 Forward
Center Wing Time % Phy DF OF
1 Mikko Rantanen Clayton Keller 50 1 2 2
2 Casey Mittelstadt Matias Maccelli 50 1 2 2
4 vs 4 Defense
Defense Defense Time % Phy DF OF
1 Noah Hanifin Miro Heiskanen 50 1 2 2
2 Ryan McDonagh Emil Martinsen Lilleberg 50 1 2 2
Last Minutes Offensive
Center Left Wing Right Wing Defense Defense
Aleksander Barkov Clayton Keller Mikko Rantanen Noah Hanifin Miro Heiskanen
Last Minutes Defensive
Center Left Wing Right Wing Defense Defense
Aleksander Barkov Artturi Lehkonen Brett Leason Noah Hanifin Ryan McDonagh
Goaltenders
Starting : Justus Annunen
Backup : Joonas Korpisalo
Extra Forwards
Normal : Brett Leason, Mikko Rantanen, Clayton Keller - PP : Clayton Keller, Mikko Rantanen - PK : Mikko Rantanen
Extra Defensemen
Normal : Noah Hanifin, Miro Heiskanen, Ryan McDonagh - PP : Noah Hanifin - PK : Noah Hanifin, Miro Heiskanen
Penalty Shots
Artturi Lehkonen, Mikko Rantanen, Clayton Keller, Brett Leason, Miro Heiskanen
Scratches
Adam Boqvist (Healthy), Aku Raty (Healthy), Jacob Bryson (Healthy), Ville Husso (Healthy)
% Time on Ice - Arizona Coyotes
Lines # - Real PCT - Wanted PCT - Time Play
Normal Forward
1 - 35% - 42% - 20:17
2 - 28% - 31% - 16:14
3 - 22% - 20% - 12:34
4 - 15% - 7% - 8:46
Normal Defense
1 - 41% - 43% - 23:33
2 - 33% - 34% - 18:51
3 - 27% - 23% - 15:27
4 - 0% - 0% - 0:00
PP Forward
1 - 100% - 50% - 0:10
2 - 0% - 50% - 0:00
PP Defense
1 - 100% - 50% - 0:10
2 - 0% - 50% - 0:00
PK Forward
1 - 91% - 60% - 1:48
2 - 9% - 40% - 0:11
PK Defense
1 - 64% - 55% - 1:16
2 - 36% - 45% - 0:43
PK3 Forward
1 - 0% - 50%
2 - 0% - 50%
PK3 Defense
1 - 0% - 50%
2 - 0% - 50%
44 Forward
1 - 0% - 55%
2 - 0% - 45%
44 Defense
1 - 0% - 55%
2 - 0% - 45%
Last Minute Offensive - 0:00
Last Minute Defensive - 0:00
Total
Forward - 60:00
Defense - 60:00
|
% Time on Ice - Vancouver Canucks
Lines # - Real PCT - Wanted PCT - Time Play
Normal Forward
1 - 35% - 40% - 20:20
2 - 25% - 30% - 14:27
3 - 21% - 20% - 12:04
4 - 19% - 10% - 11:00
Normal Defense
1 - 28% - 30% - 16:12
2 - 34% - 30% - 19:51
3 - 26% - 25% - 14:52
4 - 12% - 15% - 6:56
PP Forward
1 - 53% - 50% - 1:03
2 - 47% - 50% - 0:56
PP Defense
1 - 47% - 50% - 0:56
2 - 53% - 50% - 1:03
PK Forward
1 - 100% - 50% - 0:10
2 - 0% - 50% - 0:00
PK Defense
1 - 0% - 50% - 0:00
2 - 100% - 50% - 0:10
PK3 Forward
1 - 0% - 50%
2 - 0% - 50%
PK3 Defense
1 - 0% - 50%
2 - 0% - 50%
44 Forward
1 - 0% - 50%
2 - 0% - 50%
44 Defense
1 - 0% - 50%
2 - 0% - 50%
Last Minute Offensive - 0:00
Last Minute Defensive - 0:00
Total
Forward - 60:00
Defense - 60:00
|
Play-by-Play
1st period
0:01 of 1st period - Aleksander Barkov wins face-off versus Charlie Coyle in neutral zone.
0:33 of 1st period - Slapshot by Mason McTavish.
0:33 of 1st period - Shot Misses the Net.
0:35 of 1st period - Slapshot by Jani Hakanpaa.
0:35 of 1st period - Shot Misses the Net.
0:47 of 1st period - Slapshot by Anton Lundell.
0:47 of 1st period - Shot Misses the Net.
0:49 of 1st period - Wrist shot by Ty Dellandrea.
0:49 of 1st period - Shot Misses the Net.
0:51 of 1st period - Slapshot by Miro Heiskanen.
0:51 of 1st period - Deflect By Erik Haula.
0:51 of 1st period - Stopped by Jacob Markstrom without a rebound.
0:52 of 1st period - Mike Hoffman wins face-off versus Casey Mittelstadt in Arizona Coyotes zone.
1:03 of 1st period - Snap shot by Casey Mittelstadt.
1:03 of 1st period - Stopped by Jacob Markstrom without a rebound.
1:04 of 1st period - Jesperi Kotkaniemi wins face-off versus Charlie Coyle in Arizona Coyotes zone.
1:58 of 1st period - Slapshot by Erik Haula.
1:58 of 1st period - Stopped by Justus Annunen without a rebound.
1:59 of 1st period - Charlie Coyle wins face-off versus Aleksander Barkov in Vancouver Canucks zone.
2:06 of 1st period - Snap shot by Tyler Seguin.
2:06 of 1st period - Stopped by Justus Annunen with a rebound.
2:08 of 1st period - Slapshot by Radko Gudas.
2:08 of 1st period - Shot Misses the Net.
2:34 of 1st period - Slapshot by Mason McTavish.
2:34 of 1st period - Stopped by Justus Annunen without a rebound.
2:35 of 1st period - Erik Haula wins face-off versus Casey Mittelstadt in Vancouver Canucks zone.
3:19 of 1st period - Robby Fabbri is hit by Ryan Donato and loses puck.
3:42 of 1st period - Snap shot by Matias Maccelli.
3:42 of 1st period - Stopped by Jacob Markstrom with a rebound.
4:32 of 1st period - Snap shot by Aleksander Barkov.
4:32 of 1st period - Shot Misses the Net.
4:38 of 1st period - Miro Heiskanen is hit by Matt Dumba and loses puck.
4:45 of 1st period - Slapshot by Charlie Coyle.
4:45 of 1st period - Shot Blocked by Aleksander Barkov.
4:47 of 1st period - Slapshot by Matt Dumba.
4:47 of 1st period - Stopped by Justus Annunen with a rebound.
4:49 of 1st period - Snap shot by Charlie Coyle.
4:49 of 1st period - Stopped by Justus Annunen without a rebound.
4:50 of 1st period - Connor Zary wins face-off versus Mason McTavish in Vancouver Canucks zone.
5:05 of 1st period - Emil Martinsen Lilleberg is hit by Mason McTavish and loses puck.
5:56 of 1st period - Snap shot by Clayton Keller.
5:56 of 1st period - Stopped by Jacob Markstrom with a rebound.
6:24 of 1st period - Snap shot by Tyler Bertuzzi.
6:24 of 1st period - Shot Misses the Net.
6:28 of 1st period - Snap shot by Ryan Donato.
6:28 of 1st period - Stopped by Justus Annunen without a rebound.
6:29 of 1st period - Mason McTavish wins face-off versus Aleksander Barkov in Vancouver Canucks zone.
7:23 of 1st period - Emil Martinsen Lilleberg is hit by Charlie Coyle and loses puck.
8:30 of 1st period - Icing by Noah Hanifin.
8:31 of 1st period - Connor Zary wins face-off versus Charlie Coyle in Vancouver Canucks zone.
8:56 of 1st period - Tyler Bertuzzi is hit by Aleksander Barkov and loses puck.
9:15 of 1st period - Miro Heiskanen is hit by Mason McTavish and loses puck.
9:34 of 1st period - Slapshot by Clayton Keller.
9:34 of 1st period - Shot Misses the Net.
9:56 of 1st period - Snap shot by Aleksander Barkov.
9:56 of 1st period - Stopped by Jacob Markstrom with a rebound.
10:42 of 1st period - Snap shot by Aleksander Barkov.
10:42 of 1st period - Shot Misses the Net.
10:44 of 1st period - Slapshot by Aleksander Barkov.
10:44 of 1st period - Stopped by Jacob Markstrom without a rebound.
10:45 of 1st period - Connor Zary wins face-off versus Mats Zuccarello in Arizona Coyotes zone.
11:34 of 1st period - Jani Hakanpaa is hit by Brett Leason and loses puck.
12:24 of 1st period - Wrist shot by Brett Leason.
12:24 of 1st period - Shot Misses the Net.
12:42 of 1st period - Nick Seeler is hit by Ryan McDonagh and loses puck.
12:55 of 1st period - Emil Martinsen Lilleberg is hit by Radko Gudas and loses puck.
13:24 of 1st period - Wrist shot by Casey Mittelstadt.
13:24 of 1st period - Deflect By Ty Dellandrea.
13:24 of 1st period - Stopped by Jacob Markstrom without a rebound.
13:25 of 1st period - Casey Mittelstadt wins face-off versus Ondrej Palat in Arizona Coyotes zone.
13:36 of 1st period - Snap shot by Casey Mittelstadt.
13:36 of 1st period - Stopped by Jacob Markstrom without a rebound.
13:37 of 1st period - Aleksander Barkov wins face-off versus Charlie Coyle in Arizona Coyotes zone.
14:04 of 1st period - Robby Fabbri is hit by Matt Dumba.
14:10 of 1st period - Artturi Lehkonen is hit by Radko Gudas and loses puck.
14:15 of 1st period - Snap shot by Ryan Donato.
14:15 of 1st period - Shot Misses the Net.
14:45 of 1st period - Snap shot by Anton Lundell.
14:45 of 1st period - Shot Misses the Net.
14:47 of 1st period - Snap shot by Jesperi Kotkaniemi.
14:47 of 1st period - Stopped by Jacob Markstrom with a rebound.
14:49 of 1st period - Slapshot by Noah Hanifin.
14:49 of 1st period - Stopped by Jacob Markstrom without a rebound.
14:50 of 1st period - Charlie Coyle wins face-off versus Jesperi Kotkaniemi in Arizona Coyotes zone.
15:57 of 1st period - Snap shot by Tyler Seguin.
15:57 of 1st period - Shot Misses the Net.
16:17 of 1st period - Snap shot by Jesperi Kotkaniemi.
16:17 of 1st period - Stopped by Jacob Markstrom without a rebound.
16:18 of 1st period - Aleksander Barkov wins face-off versus Mason McTavish in Arizona Coyotes zone.
16:31 of 1st period - Snap shot by Mason McTavish.
16:31 of 1st period - Stopped by Justus Annunen with a rebound.
16:50 of 1st period - Wrist shot by Artturi Lehkonen.
16:50 of 1st period - Stopped by Jacob Markstrom with a rebound.
18:08 of 1st period - Erik Haula is hit by Aleksander Barkov and loses puck.
19:17 of 1st period - Clayton Keller is hit by Mats Zuccarello and loses puck.
19:53 of 1st period - Tyler Seguin is hit by Emil Martinsen Lilleberg.
Goals for this period are 0 for Arizona Coyotes vs 0 for Vancouver Canucks.
Shots for this period are 7 for Arizona Coyotes vs 12 for Vancouver Canucks.
2nd period
0:01 of 2nd period - Clayton Keller wins face-off versus Charlie Coyle in neutral zone.
0:39 of 2nd period - Off-side.
0:40 of 2nd period - Aleksander Barkov wins face-off versus Erik Haula in neutral zone.
0:49 of 2nd period - Snap shot by Clayton Keller.
0:49 of 2nd period - Stopped by Jacob Markstrom with a rebound.
0:55 of 2nd period - Chad Ruhwedel is hit by Ross Colton and loses puck.
2:29 of 2nd period - Erik Haula is hit by Ryan McDonagh and loses puck.
3:01 of 2nd period - Backhand shot by Mark Jankowski.
3:01 of 2nd period - Shot Blocked by Jacob Bernard-Docker.
3:13 of 2nd period - Wrist shot by Charlie Coyle.
3:13 of 2nd period - Shot Misses the Net.
3:50 of 2nd period - Slapshot by Ryan Donato.
3:50 of 2nd period - Deflect By Connor Zary.
3:50 of 2nd period - Shot Misses the Net.
3:50 of 2nd period - Puck is out of play.
3:51 of 2nd period - Mason McTavish wins face-off versus Robby Fabbri in Vancouver Canucks zone.
4:27 of 2nd period - Off-side.
4:28 of 2nd period - Charlie Coyle wins face-off versus Connor Zary in neutral zone.
4:41 of 2nd period - Snap shot by Artturi Lehkonen.
4:41 of 2nd period - Shot Misses the Net.
4:43 of 2nd period - Slapshot by Connor Zary.
4:43 of 2nd period - Goal by Connor Zary - Arizona Coyotes : 0 - Vancouver Canucks : 1.
4:44 of 2nd period - Charlie Coyle wins face-off versus Aleksander Barkov in neutral zone.
4:51 of 2nd period - Snap shot by Tyler Seguin.
4:51 of 2nd period - Shot Misses the Net.
5:14 of 2nd period - Snap shot by Mason McTavish.
5:14 of 2nd period - Shot Hit the Post.
5:16 of 2nd period - Snap shot by Ryan Donato.
5:16 of 2nd period - Shot Misses the Net.
5:18 of 2nd period - Wrist shot by Ryan Donato.
5:18 of 2nd period - Shot Misses the Net.
5:20 of 2nd period - Slapshot by Mason McTavish.
5:20 of 2nd period - Stopped by Justus Annunen without a rebound.
5:21 of 2nd period - Mason McTavish wins face-off versus Casey Mittelstadt in Vancouver Canucks zone.
5:22 of 2nd period - Slapshot by Ryan Donato.
5:22 of 2nd period - Stopped by Justus Annunen with a rebound.
5:46 of 2nd period - Tyler Seguin is hit by Emil Martinsen Lilleberg and loses puck.
6:53 of 2nd period - Snap shot by Ryan Donato.
6:53 of 2nd period - Shot Blocked by Casey Mittelstadt.
6:55 of 2nd period - Backhand shot by Brayden McNabb.
6:55 of 2nd period - Shot Blocked by Ty Dellandrea.
7:53 of 2nd period - Jesperi Kotkaniemi is hit by Mike Hoffman and loses puck.
8:13 of 2nd period - Snap shot by Mason McTavish.
8:13 of 2nd period - Shot Blocked by Ryan McDonagh.
8:15 of 2nd period - Snap shot by Ryan Donato.
8:15 of 2nd period - Deflect By Tyler Bertuzzi.
8:15 of 2nd period - Stopped by Justus Annunen with a rebound.
8:17 of 2nd period - Snap shot by Tyler Bertuzzi.
8:17 of 2nd period - Stopped by Justus Annunen with a rebound.
8:19 of 2nd period - Wrist shot by Ryan Donato.
8:19 of 2nd period - Shot Misses the Net.
9:08 of 2nd period - Artturi Lehkonen is hit by Charlie Coyle and loses puck.
9:28 of 2nd period - Slapshot by Matt Dumba.
9:28 of 2nd period - Deflect By Mike Hoffman.
9:28 of 2nd period - Stopped by Justus Annunen with a rebound.
9:30 of 2nd period - Slapshot by Kiefer Sherwood.
9:30 of 2nd period - Shot Misses the Net.
9:51 of 2nd period - Wrist shot by Casey Mittelstadt.
9:51 of 2nd period - Stopped by Jacob Markstrom with a rebound.
9:53 of 2nd period - Wrist shot by Anton Lundell.
9:53 of 2nd period - Shot Blocked by Brayden McNabb.
10:11 of 2nd period - Snap shot by Erik Haula.
10:11 of 2nd period - Shot Misses the Net.
11:37 of 2nd period - Artturi Lehkonen is hit by Ryan Donato and loses puck.
11:44 of 2nd period - Radko Gudas is hit by Emil Martinsen Lilleberg and loses puck.
12:18 of 2nd period - Wrist shot by Matias Maccelli.
12:18 of 2nd period - Stopped by Jacob Markstrom with a rebound.
12:48 of 2nd period - Snap shot by Mats Zuccarello.
12:48 of 2nd period - Shot Hit the Post.
12:50 of 2nd period - Snap shot by Charlie Coyle.
12:50 of 2nd period - Shot Misses the Net.
12:52 of 2nd period - Slapshot by Jani Hakanpaa.
12:52 of 2nd period - Shot Hit the Post.
12:54 of 2nd period - Slapshot by Jani Hakanpaa.
12:54 of 2nd period - Shot Blocked by Emil Martinsen Lilleberg.
13:18 of 2nd period - Radko Gudas is hit by Emil Martinsen Lilleberg and loses puck.
13:31 of 2nd period - Snap shot by Charlie Coyle.
13:31 of 2nd period - Stopped by Justus Annunen without a rebound.
13:32 of 2nd period - Aleksander Barkov wins face-off versus Erik Haula in Vancouver Canucks zone.
13:43 of 2nd period - Snap shot by Erik Haula.
13:43 of 2nd period - Shot Misses the Net.
13:45 of 2nd period - Slapshot by Jared Spurgeon.
13:45 of 2nd period - Shot Blocked by Aleksander Barkov.
13:47 of 2nd period - Snap shot by Ross Colton.
13:47 of 2nd period - Goal by Ross Colton - Arizona Coyotes : 1 - Vancouver Canucks : 1.
13:48 of 2nd period - Aleksander Barkov wins face-off versus Mason McTavish in neutral zone.
14:19 of 2nd period - Wrist shot by Ondrej Palat.
14:19 of 2nd period - Deflect By Erik Haula.
14:19 of 2nd period - Shot Misses the Net.
14:19 of 2nd period - Puck is out of play.
14:20 of 2nd period - Erik Haula wins face-off versus Connor Zary in Vancouver Canucks zone.
15:25 of 2nd period - Snap shot by Ross Colton.
15:25 of 2nd period - Shot Misses the Net.
15:27 of 2nd period - Slapshot by Nick Seeler.
15:27 of 2nd period - Stopped by Justus Annunen without a rebound.
15:28 of 2nd period - Tyler Seguin wins face-off versus Connor Zary in Vancouver Canucks zone.
16:34 of 2nd period - Snap shot by Mats Zuccarello.
16:34 of 2nd period - Shot Misses the Net.
16:56 of 2nd period - Snap shot by Casey Mittelstadt.
16:56 of 2nd period - Stopped by Jacob Markstrom without a rebound.
16:57 of 2nd period - Aleksander Barkov wins face-off versus Charlie Coyle in Arizona Coyotes zone.
17:04 of 2nd period - Wrist shot by Mikko Rantanen.
17:04 of 2nd period - Shot Misses the Net.
17:06 of 2nd period - Snap shot by Aleksander Barkov.
17:06 of 2nd period - Shot Blocked by Tyler Seguin.
17:08 of 2nd period - Snap shot by Mikko Rantanen.
17:08 of 2nd period - Stopped by Jacob Markstrom with a rebound.
17:10 of 2nd period - Slapshot by Noah Hanifin.
17:10 of 2nd period - Stopped by Jacob Markstrom without a rebound.
17:11 of 2nd period - Aleksander Barkov wins face-off versus Charlie Coyle in Arizona Coyotes zone.
17:54 of 2nd period - Backhand shot by Connor Zary.
17:54 of 2nd period - Stopped by Jacob Markstrom with a rebound.
19:14 of 2nd period - Wrist shot by Tyler Bertuzzi.
19:14 of 2nd period - Shot Misses the Net.
19:34 of 2nd period - Slapshot by Brett Leason.
19:34 of 2nd period - Stopped by Jacob Markstrom without a rebound.
19:35 of 2nd period - Charlie Coyle wins face-off versus Aleksander Barkov in Arizona Coyotes zone.
Goals for this period are 1 for Arizona Coyotes vs 1 for Vancouver Canucks.
Shots for this period are 8 for Arizona Coyotes vs 9 for Vancouver Canucks.
3rd period
0:01 of 3rd period - Charlie Coyle wins face-off versus Aleksander Barkov in neutral zone.
0:13 of 3rd period - Off-side.
0:14 of 3rd period - Charlie Coyle wins face-off versus Aleksander Barkov in neutral zone.
0:17 of 3rd period - Noah Hanifin is hit by Mats Zuccarello and loses puck.
0:51 of 3rd period - Slapshot by Ryan Donato.
0:51 of 3rd period - Stopped by Justus Annunen with a rebound.
0:53 of 3rd period - Slapshot by Ryan Donato.
0:53 of 3rd period - Stopped by Justus Annunen without a rebound.
0:54 of 3rd period - Aleksander Barkov wins face-off versus Erik Haula in Vancouver Canucks zone.
1:14 of 3rd period - Clayton Keller is hit by Erik Haula and loses puck.
1:35 of 3rd period - Wrist shot by Erik Haula.
1:35 of 3rd period - Shot Blocked by Ryan McDonagh.
1:37 of 3rd period - Snap shot by Ross Colton.
1:37 of 3rd period - Goal by Ross Colton - Arizona Coyotes : 2 - Vancouver Canucks : 1.
1:38 of 3rd period - Charlie Coyle wins face-off versus Aleksander Barkov in neutral zone.
2:23 of 3rd period - Off-side.
2:24 of 3rd period - Erik Haula wins face-off versus Casey Mittelstadt in neutral zone.
2:28 of 3rd period - Off-side.
2:29 of 3rd period - Erik Haula wins face-off versus Aleksander Barkov in neutral zone.
2:44 of 3rd period - Wrist shot by Clayton Keller.
2:44 of 3rd period - Stopped by Jacob Markstrom with a rebound.
2:46 of 3rd period - Snap shot by Clayton Keller.
2:46 of 3rd period - Shot Misses the Net.
3:38 of 3rd period - Off-side.
3:39 of 3rd period - Mike Hoffman wins face-off versus Jesperi Kotkaniemi in neutral zone.
3:55 of 3rd period - Backhand shot by Emil Martinsen Lilleberg.
3:55 of 3rd period - Stopped by Jacob Markstrom with a rebound.
4:11 of 3rd period - Snap shot by Aleksander Barkov.
4:11 of 3rd period - Stopped by Jacob Markstrom with a rebound.
4:13 of 3rd period - Slapshot by Mikko Rantanen.
4:13 of 3rd period - Shot Blocked by Tyler Seguin.
4:15 of 3rd period - Snap shot by Aleksander Barkov.
4:15 of 3rd period - Stopped by Jacob Markstrom with a rebound.
5:15 of 3rd period - Slapshot by Jared Spurgeon.
5:15 of 3rd period - Shot Blocked by Brett Leason.
5:22 of 3rd period - Icing by Jacob Bernard-Docker.
5:23 of 3rd period - Charlie Coyle wins face-off versus Aleksander Barkov in Vancouver Canucks zone.
5:58 of 3rd period - Wrist shot by Connor Zary.
5:58 of 3rd period - Shot Misses the Net.
6:00 of 3rd period - Snap shot by Artturi Lehkonen.
6:00 of 3rd period - Stopped by Jacob Markstrom without a rebound.
6:01 of 3rd period - Aleksander Barkov wins face-off versus Erik Haula in Arizona Coyotes zone.
6:02 of 3rd period - Snap shot by Mikko Rantanen.
6:02 of 3rd period - Stopped by Jacob Markstrom without a rebound.
6:03 of 3rd period - Erik Haula wins face-off versus Aleksander Barkov in Arizona Coyotes zone.
6:05 of 3rd period - Minor Penalty to Nick Seeler for Diving.
6:06 of 3rd period - Charlie Coyle wins face-off versus Mikko Rantanen in Arizona Coyotes zone.
6:22 of 3rd period - Wrist shot by Clayton Keller.
6:22 of 3rd period - Deflect By Mikko Rantanen.
6:22 of 3rd period - Shot Misses the Net.
6:22 of 3rd period - Puck is out of play.
6:23 of 3rd period - Charlie Coyle wins face-off versus Robby Fabbri in Arizona Coyotes zone.
7:04 of 3rd period - Wrist shot by Clayton Keller.
7:04 of 3rd period - Stopped by Jacob Markstrom with a rebound.
7:58 of 3rd period - Tyler Seguin is hit by Clayton Keller and loses puck.
8:05 of 3rd period - Penalty to Nick Seeler is over, Nick Seeler is back on ice.
8:37 of 3rd period - Chad Ruhwedel is hit by Erik Haula and loses puck.
11:12 of 3rd period - Snap shot by Kiefer Sherwood.
11:12 of 3rd period - Shot Blocked by Emil Martinsen Lilleberg.
11:14 of 3rd period - Snap shot by Kiefer Sherwood.
11:14 of 3rd period - Deflect By Mike Hoffman.
11:14 of 3rd period - Stopped by Justus Annunen with a rebound.
11:16 of 3rd period - Slapshot by Matt Dumba.
11:16 of 3rd period - Shot Blocked by Emil Martinsen Lilleberg.
11:26 of 3rd period - Brett Leason is hit by Mats Zuccarello and loses puck.
11:59 of 3rd period - Snap shot by Ondrej Palat.
11:59 of 3rd period - Stopped by Justus Annunen without a rebound.
12:00 of 3rd period - Erik Haula wins face-off versus Aleksander Barkov in Vancouver Canucks zone.
12:03 of 3rd period - Slapshot by Erik Haula.
12:03 of 3rd period - Shot Blocked by Miro Heiskanen.
12:14 of 3rd period - Wrist shot by Jared Spurgeon.
12:14 of 3rd period - Stopped by Justus Annunen with a rebound.
12:16 of 3rd period - Wrist shot by Ross Colton.
12:16 of 3rd period - Shot Misses the Net.
12:50 of 3rd period - Slapshot by Casey Mittelstadt.
12:50 of 3rd period - Shot Blocked by Nick Seeler.
13:43 of 3rd period - Matt Dumba is hit by Artturi Lehkonen and loses puck.
13:51 of 3rd period - Icing by Kiefer Sherwood.
13:52 of 3rd period - Jesperi Kotkaniemi wins face-off versus Mike Hoffman in Arizona Coyotes zone.
13:55 of 3rd period - Wrist shot by Matias Maccelli.
13:55 of 3rd period - Shot Blocked by Jared Spurgeon.
13:57 of 3rd period - Slapshot by Ryan McDonagh.
13:57 of 3rd period - Stopped by Jacob Markstrom with a rebound.
14:21 of 3rd period - Slapshot by Jared Spurgeon.
14:21 of 3rd period - Deflect By Mats Zuccarello.
14:21 of 3rd period - Shot Misses the Net.
14:21 of 3rd period - Puck is out of play.
14:22 of 3rd period - Casey Mittelstadt wins face-off versus Charlie Coyle in Vancouver Canucks zone.
14:47 of 3rd period - Wrist shot by Anton Lundell.
14:47 of 3rd period - Shot Misses the Net.
14:49 of 3rd period - Backhand shot by Casey Mittelstadt.
14:49 of 3rd period - Stopped by Jacob Markstrom without a rebound.
14:50 of 3rd period - Mason McTavish wins face-off versus Aleksander Barkov in Arizona Coyotes zone.
14:50 of 3rd period - Mason McTavish is hit by Mikko Rantanen.
14:53 of 3rd period - Ryan Donato is hit by Clayton Keller and loses puck.
15:18 of 3rd period - Backhand shot by Artturi Lehkonen.
15:18 of 3rd period - Stopped by Jacob Markstrom with a rebound.
15:58 of 3rd period - Slapshot by Aleksander Barkov.
15:58 of 3rd period - Shot Blocked by Ryan Donato.
16:28 of 3rd period - Minor Penalty to Ryan McDonagh for Tripping.
16:29 of 3rd period - Charlie Coyle wins face-off versus Aleksander Barkov in Vancouver Canucks zone.
16:34 of 3rd period - Snap shot by Charlie Coyle.
16:34 of 3rd period - Shot Hit the Post.
16:36 of 3rd period - Snap shot by Mats Zuccarello.
16:36 of 3rd period - Stopped by Justus Annunen with a rebound.
16:38 of 3rd period - Snap shot by Mats Zuccarello.
16:38 of 3rd period - Goal by Mats Zuccarello - Arizona Coyotes : 3 - Vancouver Canucks : 1.
16:39 of 3rd period - Mats Zuccarello wins face-off versus Clayton Keller in neutral zone.
16:41 of 3rd period - Off-side.
16:42 of 3rd period - Aleksander Barkov wins face-off versus Charlie Coyle in neutral zone.
16:47 of 3rd period - Slapshot by Miro Heiskanen.
16:47 of 3rd period - Shot Misses the Net.
16:51 of 3rd period - Wrist shot by Mikko Rantanen.
16:51 of 3rd period - Stopped by Jacob Markstrom with a rebound.
16:53 of 3rd period - Wrist shot by Aleksander Barkov.
16:53 of 3rd period - Shot Misses the Net.
17:15 of 3rd period - Snap shot by Mason McTavish.
17:15 of 3rd period - Shot Blocked by Casey Mittelstadt.
17:17 of 3rd period - Snap shot by Jared Spurgeon.
17:17 of 3rd period - Shot Misses the Net.
17:19 of 3rd period - Wrist shot by Mason McTavish.
17:19 of 3rd period - Stopped by Justus Annunen without a rebound.
17:20 of 3rd period - Mason McTavish wins face-off versus Connor Zary in Vancouver Canucks zone.
17:30 of 3rd period - Slapshot by Tyler Bertuzzi.
17:30 of 3rd period - Stopped by Justus Annunen with a rebound.
18:17 of 3rd period - Snap shot by Aleksander Barkov.
18:17 of 3rd period - Stopped by Jacob Markstrom with a rebound.
18:19 of 3rd period - Snap shot by Mikko Rantanen.
18:19 of 3rd period - Deflect By Clayton Keller.
18:19 of 3rd period - Shot Misses the Net.
18:19 of 3rd period - Puck is out of play.
18:20 of 3rd period - Casey Mittelstadt wins face-off versus Mason McTavish in Arizona Coyotes zone.
Goals for this period are 2 for Arizona Coyotes vs 0 for Vancouver Canucks.
Shots for this period are 10 for Arizona Coyotes vs 12 for Vancouver Canucks.
Back to the Top